 Dungeon Crawl Stone Soup version 0.26-a0-652-gafc20e3620 (webtiles) character file.

Game seed: 16304568679195654177

28 avis the Chopper (level 3, -7/33 HPs)
             Began as a Hill Orc Monk on Oct 3, 2020.
             Mangled by a gnoll
             ... wielding a +2 halberd of venom
              (13 damage)
             ... on level 1 of the Dungeon.
             The game lasted 00:04:11 (1152 turns).

avis the Chopper (Hill Orc Monk)                    Turns: 1152, Time: 00:04:16

Health: -7/33      AC:  3    Str: 13 (14) XL:     3   Next: 14%
Magic:  3/3        EV: 12    Int: 10 (13) God:
Gold:   67         SH:  0    Dex: 12 (13) Spells: 2/2 levels left

rFire    + . .     SeeInvis .   a - +0 hand axe
rCold    + . .     Faith    .   (no shield)
rNeg     . . .     Spirit   .   b - +0 robe
rPois    .         Reflect  .   e - +1 hat {Int+3}
rElec    .         Harm     .   i - scarf {rC+ rF+}
rCorr    .         Rampage  .   (no gloves)
MR       .....                  (no boots)
Stlth    ++........             (no amulet)
HPRegen  0.11/turn              (no ring)
MPRegen  0.08/turn              (no ring)

@: lethally poisoned (-7 -> -18)
A: no striking features
a: no special abilities


You were on level 1 of the Dungeon.
You visited 1 branch of the dungeon, and saw 2 of its levels.

You collected 67 gold pieces.

Inventory:

Hand Weapons
 a - a +0 hand axe (weapon)
 l - a +0 spear
 m - a +1 vorpal spear
Missiles
 k - 5 curare-tipped darts (quivered)
 o - 4 boomerangs
Armour
 b - a +0 robe (worn)
 e - a +1 hat of intelligence (worn)
 i - a scarf of resistance (worn)
Scrolls
 d - 7 scrolls of identify {unknown}
 f - 3 scrolls of teleportation {unknown}
 h - a scroll of fear {unknown}
 j - a scroll of remove curse {unknown}
 n - a scroll of enchant weapon {unknown}
Potions
 c - a potion of flight {unknown}
 g - a potion of degeneration


   Skills:
 + Level 4.1 Fighting
 * Level 5.1 Axes
 - Level 2.4 Dodging
 - Level 1.5 Stealth


You had 2 spell levels left.
You didn't know any spells.
Your spell library was empty.

Dungeon Overview and Level Annotations

Branches:
Dungeon (2/15)

Altars:


Message History

You closely miss the gnoll.
The gnoll is moderately wounded.
The gnoll hits you with a +2 halberd of venom!
You are poisoned.
You closely miss the gnoll.
The gnoll is moderately wounded.
You feel sick. The gnoll barely misses you.
You hit the gnoll.
The gnoll is moderately wounded.
You feel sick.
The gnoll hits you with a +2 halberd of venom.
* * * LOW HITPOINT WARNING * * *
You are lethally poisoned!
It was a potion of degeneration.
There was something very wrong with that liquid.
You feel weakened.
You feel dopey.
You feel clumsy.
* * * LOW HITPOINT WARNING * * *
You feel sick.
The gnoll hits you with a +2 halberd of venom!
You die...

.........# #.........#
###......# #.........#
# #....### #.........#
###....######.........#
#...........#.........#
............#.........#
#......[....###..######
####........# #..####
#........# #g@...#
#........# #####.#
#.....#### #.# #..##.#
#.# #...#.# #.######
#####.# #......#
#.##### ######.#
#.....# #....#.#
#####.######>##.#.#


You could see a gnoll.

Vanquished Creatures
  An ooze (D:1)
  A dart slug (D:1)
  6 bats (D:1)
  A giant cockroach (D:1)
  2 goblins (D:1)
  2 hobgoblins (D:1)
  A frilled lizard (D:1)
  4 kobolds (D:1)
  3 rats (D:1)
21 creatures vanquished.

Vanquished Creatures (others)
  A plant (D:1)
1 creature vanquished.

Grand Total: 22 creatures vanquished

Notes
Turn   | Place    | Note
-------+----------+-------------------------------------------
     0 | D:1      | avis the Hill Orc Monk began the quest for the Orb.
     0 | D:1      | Reached XP level 1. HP: 19/19 MP: 1/1
   201 | D:1      | Reached XP level 2. HP: 25/27 MP: 2/2
   553 | D:1      | Reached skill level 5 in Axes
   554 | D:1      | Reached XP level 3. HP: 30/33 MP: 3/3
  1152 | D:1      | Mangled by a gnoll

Illustrated notes

Levels and vault maps discovered:
D:1:      nzn_arrival_crosshair, layout_basic, serial_forest,
          infiniplex_forest_lined_4_way, infiniplex_forest_clump_double,
          infiniplex_forest_zigzag_2, infiniplex_forest_clump_curved,
          infiniplex_forest_clump_diagonal, infiniplex_forest_pool,
          infiniplex_forest_zigzag_1
D:2:      layout_loops_ring, lemuel_coloured_pillars_altar, minmay_tromino_v4_a

Skill      XL: |  1  2 |
---------------+-------+-----
Fighting       | 4 |  4.1
Axes           | 5 |  5.1
Dodging        | |  2.4
Stealth        | |  1.5

Action                   || total
-------------------------++-------
Melee: Hand axe          ||    83
  Use: Potion            ||     1
 Stab: Sleeping          ||     2
Armor: Robe              ||    23
Dodge: Dodged            ||    58

Table legend: (Time is in decaauts)
 A = Elapsed time spent in this place.
 B = Non-inter-level travel time spent in this place.
 C = Inter-level travel time spent in this place.
 D = Time resting spent in this place.
 E = Time spent auto-exploring this place.
 F = Levels seen in this place.
 G = Mean time per level.
                   A        B        C        D        E       F      G
               +--------+--------+--------+--------+--------+-----+--------+
         Total |   1158 |   1082 |     76 |    154 |    639 |   2 |  579.0 |
       Dungeon |   1158 |   1082 |     76 |    154 |    639 |   2 |  579.0 |
               +--------+--------+--------+--------+--------+-----+--------+

Top non-repeatable levels by time:
     D:1: 1156 daAuts
     D:2: 1 daAuts
